 Dungeon Crawl Stone Soup version 0.29.1-15-g9cfb28693d (webtiles) character file.

Game seed: 12781214797192114128

81 Danienth the Grave Robber (level 4, -2/30 HPs)
             Began as a Human Necromancer on Apr 5, 2023.
             Was a Follower of Uskayaw.
             Slain by an orc
             ... wielding a +0 hand axe
              (4 damage)
             ... on level 3 of the Dungeon.
             The game lasted 00:23:42 (2534 turns).

Danienth the Grave Robber (Human Necromancer)       Turns: 2534, Time: 00:23:42

Health: -2/30      AC:  4    Str:  8    XL:     4   Next: 68%
Magic:  8/8        EV: 12    Int: 17    God:    Uskayaw [*.....]
Gold:   185        SH:  0    Dex: 14    Spells: 4/8 levels left

rFire   . . .      SeeInvis .   g - +1 short sword (freeze)
rCold   . . .      Faith    .   (no shield)
rNeg    . . .      Spirit   .   c - +0 robe
rPois   .          Reflect  .   (no helmet)
rElec   .          Harm     .   (no cloak)
rCorr   .          Rampage  .   h - +0 pair of gloves
Will    .....                   d - +0 pair of boots
Stlth   ++........              (no amulet)
HPRegen 0.10/turn               (no ring)
MPRegen 0.11/turn               (no ring)

@: no status effects
A: no striking features
a: Renounce Religion, Stomp


You were on level 3 of the Dungeon.
You worshipped Uskayaw.
Uskayaw was noncommittal.
You visited 1 branch of the dungeon, and saw 3 of its levels.

You collected 185 gold pieces.

Inventory:

Hand Weapons
 e - a +0 short sword
 g - a +1 short sword of freezing (weapon)
 p - a +0 short sword
Missiles
 f - 25 stones
Armour
 a - a +0 robe
 c - a +0 robe (worn)
 d - a +0 pair of boots (worn)
 h - a +0 pair of gloves (worn)
 l - a +0 chain mail
Scrolls
 i - a scroll of identify
 j - a scroll of blinking {unknown}
 k - 2 scrolls of amnesia
 m - a scroll of magic mapping {unknown}
 n - a scroll of fog {unknown}
 o - a scroll of noise {unknown}
Potions
 b - 2 potions of magic
 q - a potion of heal wounds {unknown}
 r - 2 potions of attraction
 s - a potion of haste {unknown}
 t - a potion of brilliance {unknown}
 u - a potion of flight {unknown}
 v - a potion of degeneration {unknown}


   Skills:
 + Level 0.4 Short Blades
 + Level 2.3 Dodging
 + Level 2.1 Stealth
 + Level 2.9 Spellcasting
 + Level 4.8 Necromancy


You had 4 spell levels left.
You knew the following spells:

 Your Spells              Type           Power      Damage    Failure   Level
a - Necrotise             Necr           76%        1d7       2%          1
b - Vampiric Draining     Necr           19%        2d7       7%          3

Your spell library contained the following spells:

 Spells                   Type           Power      Damage    Failure   Level
 Animate Dead             Necr           19%        N/A       24%         4
 Blink                    Tloc           4%         N/A       26%         2
 Lesser Beckoning         Tloc           2%         N/A       47%         3
 Agony                    Necr           19%        N/A       54%         5
 Manifold Assault         Tloc           2%         N/A       99%         5


Dungeon Overview and Level Annotations

Branches:
Dungeon (3/15)

Altars:
Uskayaw


Message History

You feel sick. The adder closely misses you.
You hit the adder. You freeze the adder.
The adder is almost dead.
You hear the slow rusting of a very distant drain.
You feel sick.
You are no longer poisoned.
The adder bites you.
You are poisoned.
The adder poisons you!
You barely miss the adder.
The adder is almost dead.
You feel sick. The adder closely misses you.
You closely miss the adder.
The adder is almost dead.
You feel sick.
The adder is no longer moving slowly.
The adder closely misses you.
You barely miss the adder.
The adder is almost dead.
You feel sick. The adder bites you.
* * * LOW HITPOINT WARNING * * *
The adder barely misses you.
You hit the adder.
The adder seems to slow down.
You freeze the adder.
You kill the adder!
You feel sick.
You are no longer poisoned.
You see here an adder corpse.
An orc priest comes into view. It is wielding a +0 dagger.
The orc priest moves out of view.
An orc comes into view. It is wielding a +0 hand axe.
An orc and an endoplasm come into view.
The orc shouts!
The endoplasm quivers.
The orc priest shouts!
The orc shouts!
The endoplasm hits you but does no damage.
The orc priest hits you with a +0 dagger.
* * * LOW HITPOINT WARNING * * *
The endoplasm hits you.
* * * LOW HITPOINT WARNING * * *
The orc hits you with a +0 hand axe.
You die...

#.# #.# #.#
#.# #.# #.#
#.###
###.o.#####
#..@J.....#
#..oo...#..
#.......#
#.......#
#.......#
#.......#
#.......#
#########


You could see an orc priest, 2 orcs and an endoplasm.

Vanquished Creatures
  An adder (D:3)
  2 worms (D:2)
  3 dart slugs
  An orc (D:3)
  7 endoplasms
  3 giant cockroaches
  4 hobgoblins
  3 jackals (D:2)
  2 quokkas (D:1)
  5 ball pythons
  7 bats
  A frilled lizard (D:2)
  7 kobolds
  3 rats
49 creatures vanquished.

Vanquished Creatures (collateral kills)
  An endoplasm (D:1)
  2 goblins
  A hobgoblin (D:1)
  A ball python (D:3)
  A frilled lizard (D:2)
6 creatures vanquished.

Grand Total: 55 creatures vanquished

Notes
Turn   | Place    | Note
-------+----------+-------------------------------------------
     0 | D:1      | Danienth the Human Necromancer began the quest for the Orb.
     0 | D:1      | Reached XP level 1. HP: 13/13 MP: 3/3
   266 | D:1      | Reached XP level 2. HP: 19/19 MP: 0/5
   869 | D:1      | Reached XP level 3. HP: 24/24 MP: 3/6
  1086 | D:1      | Learned a level 3 spell: Vampiric Draining
  1676 | D:2      | Reached XP level 4. HP: 30/30 MP: 1/8
  2457 | D:3      | Found a hide-covered altar of Uskayaw.
  2465 | D:3      | Became a worshipper of Uskayaw the Reveller
  2505 | D:3      | Reached * piety under Uskayaw
  2534 | D:3      | Slain by an orc

Illustrated notes

Levels and vault maps discovered:
D:1:      giann_bridges, layout_basic, minmay_misc_feat_iff
D:2:      layout_loops_ring
D:3:      layout_basic, nicolae_uskayaw_dance_hall, kennysheep_orc_sif_temple,
          portal_sewer_entry_d, uniq_crazy_yiuf_cottage

Action                   |  1- 3 |  4- 6 || total
-------------------------+-------+-------++-------
Melee: Short sword       |    23 |    19 ||    42
 Cast: Necrotise         |    58 |    23 ||    81
  Use: Scroll            |       |     2 ||     2
Armor: Robe              |     4 |     8 ||    12
Dodge: Dodged            |    21 |    13 ||    34
